 Dungeon Crawl Stone Soup version 0.31-a0-986-g5e6e4ef867 (webtiles) character file.

Game seed: 4173033139063552026

211 RepHenryClay the Ducker (level 5, -4/37 HPs)
             Began as a Merfolk Shapeshifter on Nov 16, 2023.
             Killed by divine providence
             ... invoked by an orc priest
              (12 damage)
             ... on level 4 of the Dungeon.
             The game lasted 00:04:24 (2766 turns).

RepHenryClay the Ducker (Merfolk Shapeshifter)      Turns: 2766, Time: 00:04:24

Health: -4/37      AC:  7    Str: 15    XL:     5   Next: 88%
Magic:  5/5        EV: 13    Int:  9    God:
Gold:   141        SH:  0    Dex: 15    Spells: 4/4 levels left

rFire   . .          .
                       - Unarmed
rCold   . . .        (no shield)
rNeg    . . .        n - +2 ring mail {rPois}
rPois   +            (helmet currently unavailable)
rElec   .            (cloak currently unavailable)
rCorr   .            (gloves currently unavailable)
SInv    .            (boots currently unavailable)
Will    .....        (no amulet) Stlth
                     (no ring)
HPRegen 0.26/turn    (no ring)
MPRegen 0.09/turn

%: no passive effects
@: confused, mighty, beast-form, invisible
A: beast (slay +2), (nimble swimmer 2), mertail
a: Begin Untransformation


You were on level 4 of the Dungeon.
You were a hulking beast.
You visited 1 branch of the dungeon, and saw 4 of its levels.

You collected 141 gold pieces.

Inventory:

Armour
 a - a +0 animal skin
 n - a +2 ring mail of poison resistance (worn)
Jewellery
 s - a ring of flight
Talismans
 c - a beast talisman
 d - a flux talisman
Wands
 v - a wand of charming (7)
Scrolls
 e - a scroll of brand weapon {unknown}
 f - a scroll of vulnerability {unknown}
 g - a scroll of revelation {unknown}
 j - 5 scrolls of identify {unknown}
 k - a scroll of enchant armour {unknown}
 o - a scroll of fog {unknown}
 q - a scroll of teleportation {unknown}
 r - a scroll of blinking {unknown}
 u - a scroll of noise {unknown}
Potions
 b - a potion of lignification
 i - a potion of mutation {unknown}
 l - a potion of resistance {unknown}
 m - 2 potions of curing
 p - a potion of invisibility
 t - a potion of attraction {unknown}


   Skills:
 - Level 1.3 Fighting
 * Level 5.7 Dodging
 + Level 4.4 Unarmed Combat
 + Level 5.2 Shapeshifting


You had 4 spell levels left.
You didn't know any spells.
Your spell library contained the following spells:

 Spells                   Type           Power      Damage    Failure   Level
 Sandblast                Erth           0%         2d4       63%         1
 Passwall                 Tmut/Erth      0%         N/A       77%         2
 Stone Arrow              Conj/Erth      0%         3d7       94%         3
 Brom's Barrelling Bould  Conj/Erth      0%         2d3       100%        4


Dungeon Overview and Level Annotations

Branches:
Dungeon (4/15)
 Temple: D:4-7

Altars:
Hepliaklqana
Nemelex Xobeh

Shops:
D:4 *


Innate Abilities, Weirdness & Mutations

You are a hulking beast.
Your limbs bulge with bestial killing power. (Slay +2)
((You are very nimble when in or above water. (Stealth+, EV+, Speed+++)))
Your lower body shifts to a powerful aquatic tail in water.


Message History

You hear some strange, mumbled words.
A magic dart appears from out of thin air!
The magic dart hits you.
You see here a hound corpse.
Huge Dmg: -14%(-5hp) hp: 41%(15hp)
The orc priest attacks as it pursues you!
The orc priest hits you with a +0 club.
* * * LOW HITPOINT WARNING * * *
Something hits you but does no damage.
Damage: -3%(-1hp) hp: 38%(14hp) Welcome back, RepHenryClay the Merfolk Shapeshifter.
Press ? for a list of commands and other information.
It was a potion of invisibility.
You fade into invisibility!
The orc priest hits you but does no damage.
You hear some strange, mumbled words.
Deactivating autopickup; reactivate with Ctrl-A.
You are confused.
You hit the orc priest.
The orc priest is moderately wounded.
The orc priest closely misses you.
You hear some strange, mumbled words.
You are more confused.
The orc priest hits you with a +0 club.
* * * LOW HITPOINT WARNING * * *
The orc hits you with a +0 flail.
* * * LOW HITPOINT WARNING * * *
Huge Dmg: -22%(-8hp) hp: 19%(7hp) Welcome back, RepHenryClay the Merfolk Shapeshifter.
Press ? for a list of commands and other information.
It was a potion of might.
You feel very mighty all of a sudden. The orc priest misses you.
The orc closely misses you.
You hear some strange, mumbled words.
The orc resists with significant effort.
You bump into the rock wall.
The orc priest misses you. The orc misses you.
You bump into the rock wall.
The orc priest mumbles some strange prayers to Beogh against you.
Beogh smites you!
You die...

### ..# #.## .# #.#
##....########.# #^#
......)...).##.#
#.#############†##.#
#...........#oo..#.##
#####..########.#h#..#..#####
.......########.#.#..#..#.#.#
######.##....##.#.#..>..#.#.#
.......##.......#.#.##.##.#.#
#########.................#.#
######.......#...≈.....#....#
#....'.................#+########
#.####.........∩....##>...#.....###
#.# #..............##....+.....'..


You could see an orc priest (unable to see you) and an orc (unable to see you).

Vanquished Creatures
  An ogre (D:4)
  A hound (D:4)
  3 adders
  A dart slug (D:1)
  2 orcs
  8 endoplasms
  4 giant cockroaches
  4 goblins
  3 hobgoblins
  4 jackals (D:2)
  6 kobolds
  4 quokkas
  12 ball pythons
  A bat (D:2)
  2 frilled lizards (D:1)
  4 rats (D:1)
60 creatures vanquished.

Notes
Turn   | Place    | Note
-------+----------+-------------------------------------------
     0 | D:1      | RepHenryClay the Merfolk Shapeshifter began the quest for
                  | the Orb.
     0 | D:1      | Reached XP level 1. HP: 15/15 MP: 1/1
   121 | D:1      | Reached XP level 2. HP: 18/21 MP: 2/2
   299 | D:1      | Reached XP level 3. HP: 16/26 MP: 3/3
  1268 | D:2      | Reached XP level 4. HP: 32/32 MP: 4/4
  1817 | D:3      | Found a sparkling altar of Nemelex Xobeh.
  1859 | D:3      | Identified the +3 scale mail of Beauty {Slay+2}
  2072 | D:3      | Found a faded altar of an unknown god.
  2277 | D:4      | Noticed an ogre
  2290 | D:4      | Found Kiegg's Elemental Accessories.
  2323 | D:4      | Killed an ogre
  2324 | D:4      | Reached skill level 5 in Dodging
  2324 | D:4      | Reached skill level 5 in Shapeshifting
  2324 | D:4      | Reached XP level 5. HP: 34/37 MP: 5/5
  2626 | D:4      | Found a hazy altar of Hepliaklqana.
  2766 | D:4      | Killed from afar by an orc priest

Illustrated notes

Levels and vault maps discovered:
D:1:      ebering_hopf_link, layout_basic, serial_forest,
          infiniplex_forest_clump_curved, infiniplex_forest_straight_4,
          infiniplex_forest_clump_double, infiniplex_forest_lined_2,
          infiniplex_forest_clump_long, infiniplex_forest_clump_medium,
          infiniplex_forest_straight_2, infiniplex_forest_clump_double,
          infiniplex_forest_join, chequers_serial_rivers_micro_b
D:2:      layout_loops_ring
D:3:      layout_rooms, lemuel_doored_altar, dreamdust_ecumenical_altar_grove,
          corner_web_ring
D:4:      layout_basic, kennysheep_little_box, ebering_ghost_sewer_d,
          nicolae_elemental_shop

Skill      XL: |  1  2  3  4 |
---------------+-------------+-----
Dodging        | 3 4 5 |  5.7
Unarmed Combat | 4 |  4.4
Shapeshifting  | 5 |  5.2
Fighting       | |  1.3

Action                     |  1- 3 |  4- 6 || total
---------------------------+-------+-------++-------
  Melee: Unarmed           |    86 |    83 ||   169
         Punch             |     2 |     2 ||     4
    Use: Potion            |       |     4 ||     4
   Stab: Sleeping          |     3 |       ||     3
         Distracted        |     1 |       ||     1
 Armour: Animal skin       |    20 |       ||    20
         Ring mail         |     3 |    49 ||    52
         Skin              |       |     4 ||     4
  Dodge: Dodged            |    43 |    59 ||   102

Table legend: (Time is in decaauts)
 A = Elapsed time spent in this place.
 B = Non-inter-level travel time spent in this place.
 C = Inter-level travel time spent in this place.
 D = Time resting spent in this place.
 E = Time spent auto-exploring this place.
 F = Levels seen in this place.
 G = Mean time per level.
                   A        B        C        D        E       F      G
               +--------+--------+--------+--------+--------+-----+--------+
         Total |   2752 |   2698 |     54 |     28 |   2236 |   4 |  688.0 |
       Dungeon |   2752 |   2698 |     54 |     28 |   2236 |   4 |  688.0 |
               +--------+--------+--------+--------+--------+-----+--------+

Top non-repeatable levels by time:
     D:1: 962 daAuts
     D:2: 741 daAuts
     D:4: 577 daAuts
     D:3: 471 daAuts
